 Dungeon Crawl Stone Soup version 0.21-a0-265-gb353147 (console) character file.

198791 Mandevil the Impaler (level 18, -7/176 HPs)
             Began as a Naga Monk on Sept 12, 2017.
             Was the Champion of Cheibriados.
             Mangled by a merfolk
             ... wielding a +0 glaive
              (9 damage)
             ... on level 4 of the Shoals.
             The game lasted 03:00:39 (37587 turns).

Mandevil the Impaler (Naga Monk)                   Turns: 37587, Time: 03:00:40

Health: -7/176     AC: 22    Str: 40    XL:     18   Next: 45%
Magic:  0/29       EV:  1    Int: 29    God:    Cheibriados [******]
Gold:   1203       SH:  0    Dex: 33    Spells: 17/17 levels left

rFire    . . .     SeeInvis +   a - +5 halberd (freeze)
rCold    + . .     Gourm    .   (shield currently unavailable)
rNeg     + + +     Faith    .   x - +4 scale mail {MR+}
rPois    ∞         Spirit   +   j - +2 hat {Int+3}
rElec    .         Reflect  .   m - +2 cloak {rC+}
rCorr    .         Harm     .   w - +2 pair of gloves {Dex+3}
MR       +++..     Clarity  +   (no barding)
Stlth    +++.......             r - amulet of guardian spirit
HPRegen  0.39/turn              N - +3 ring of strength
MPRegen  0.21/turn              B - +5 ring of evasion

@: petrified, held, very slow
A: stinger 1, see invisible, blink, clarity, deformed body, poison resistance,
slowness 2, slow metabolism 1, spit poison 1, strong 1, wild magic 2, constrict
1, AC +6
}: 1/15 runes: gossamer
a: Spit Poison, Blink, Bend Time, Temporal Distortion, Slouch, Step From Time,
Renounce Religion


You were on level 4 of the Shoals.
You worshipped Cheibriados.
Cheibriados was exalted by your worship.
You were hungry.

You visited 6 branches of the dungeon, and saw 32 of its levels.
You also visited: Ossuary and Ice Cave.

You collected 3298 gold pieces.
You spent 2095 gold pieces at shops.

Inventory:

Hand Weapons
 a - a +5 halberd of freezing (weapon)
 c - a +0 blowgun
 J - a +4 trident of flaming
Missiles
 d - 2 tomahawks of returning
 q - 15 curare-tipped needles
 s - 880 stones
 t - 63 tomahawks (quivered)
 M - a javelin of returning
 W - 18 javelins
Armour
 j - a +2 hat of intelligence (worn)
 m - a +2 cloak of cold resistance (worn)
 w - a +2 pair of gloves of dexterity (worn)
 x - a +4 scale mail of magic resistance (worn)
Jewellery
 r - an amulet of guardian spirit (around neck)
 B - a +5 ring of evasion (right hand)
 E - an uncursed ring of protection from cold
 N - a +3 ring of strength (left hand)
 X - an uncursed ring of protection from fire
Wands
 f - a wand of iceblast (4/15)
 o - a wand of iceblast (6/15)
 y - a wand of polymorph (11/24)
 F - a wand of scattershot (5/9)
 G - a wand of digging (15/24)
 K - a wand of polymorph (10/24)
 P - a wand of paralysis (4/24)
 R - a wand of enslavement (12/24)
 T - a wand of iceblast (3/15)
 V - a wand of polymorph (11/24)
Scrolls
 b - a scroll of fear
 i - 3 scrolls of blinking
 l - 2 scrolls of recharging
 p - 2 scrolls of magic mapping
 u - 15 scrolls of remove curse
 A - 4 scrolls of fog
 D - 5 scrolls of teleportation
 O - 3 scrolls of identify
Potions
 e - 10 potions of curing
 v - 3 potions of resistance
 z - 3 potions of heal wounds
 C - 2 potions of invisibility
 I - 9 potions of ambrosia
 S - 2 potions of agility
 U - 5 potions of might
 Y - 5 potions of cancellation
Miscellaneous
 g - a lightning rod (4/4)
 H - a box of beasts
 L - a sack of spiders
Comestibles
 h - 17 royal jellies
 n - 11 meat rations
 Q - 8 bread rations
 Z - 47 fruits


   Skills:
 + Level 14.4 Fighting
 - Level 16.1 Polearms
 + Level 11.2 Throwing
 - Level 3.7 Armour
 - Level 6.6 Dodging
 - Level 5.0 Stealth
 - Level 12.7 Invocations
 - Level 15.6 Evocations


You had 17 spell levels left.
You didn't know any spells.

Dungeon Overview and Level Annotations

Branches:
Dungeon (15/15)            Temple (1/1) D:4            Lair (6/6) D:11
 Shoals (4/4) Lair:2       Spider (4/4) Lair:2        Slime (0/5) Lair:6
    Orc (2/2) D:12            Elf (0/3) Orc:2        Vaults (0/5) D:13
 Depths (0/5) D:15

Altars:
Cheibriados
Dithmenos
Fedhas
Hepliaklqana
Kikubaaqudgha
Makhleb
Okawaru
Qazlal
Sif Muna
Trog
Uskayaw
Vehumet
Xom
Yredelemnul
Zin
The Shining One
Beogh

Shops:
D:5 %   D:10 *   D:14 ?   Orc:1 }   Orc:2 ![}[*?%

Annotations:
Shoals:4 Ilsuiw, Polyphemus


Innate Abilities, Weirdness & Mutations

You cannot wear boots.
Your serpentine skin is tough. (AC +6)
You have supernaturally acute eyesight. (SInv)
Armour fits poorly on your strangely shaped body.
Your system is resistant to poisons. (rPois)
You cover ground very slowly.
You have a slow metabolism.
You can spit poison.
You can use your snake-like lower body to constrict enemies.
Your tail ends in a poisonous barb.
You can translocate small distances at will.
You possess an exceptional clarity of mind.
Your muscles are strong. (Str +2)
Your spells are harder to cast, but more powerful.


Message History

Ilsuiw is wielding a trident of freezing.
The wind drake hisses angrily.
Ilsuiw asks, "Won't you come swim with me?"
Polyphemus drinks a potion.
Polyphemus seems to grow stronger.
The merfolk aquamancer hits you but does no damage.
A merfolk comes into view. It is wielding a trident.
The merfolk hits you from afar with a glaive!
* * * LOW HITPOINT WARNING * * *
Polyphemus says, "Trying to escape from me is useless!"
Polyphemus hits you!!!
* * * LOW HITPOINT WARNING * * *
Polyphemus hits you!
* * * LOW HITPOINT WARNING * * *
You hear a shout! x2; You hear a screech!
The merfolk aquamancer hits you but does no damage.
The merfolk throws a tomahawk of returning.
The tomahawk of returning hits you but does no damage.
The weapon returns to the merfolk!
The merfolk hits you from afar with a glaive!!
You die...

..~~~~~............~~
..~~(~............~~
~~~~~~............#
~~~~~..(().(..%..#
~~~~...(..m(.:..~#
~~.......).(....~#
~..........(..m.~#
#####.?.....)Cm..##
##..(..m)(N(~~####
#.(~~~~))<~~~~~~~
+.~~~~k~~~~~~~~~~
#.~~~~~~~~t(~m~~~
#.~~~~~~~~~~~.~~~
#....~~~m~(~~~~~~~
........~~(~~~~~~~
.P.....~(.~~~~~~~
..........~~~~~~~


You could see Polyphemus, Ilsuiw, a merfolk aquamancer, a snapping turtle, a
wind drake and 4 merfolk.

Vanquished Creatures
  Rupert (Lair:4)
  Frances (D:13)
  4 ghost moths (Spider:4)
  The ghost of snldv the Fighter, a journeyman HuWn of Makhleb (IceCv)
  9 emperor scorpions
  6 entropy weavers
  A spark wasp (Spider:4)
  2 dire elephants (Lair:6)
  A merfolk javelineer (Shoals:1)
  4 merfolk impalers
  The ghost of Gagarin the Geomancer, a journeyman GrEE of Sif Muna (Lair:2)
  Fannar (Lair:3)
  4 vault guards (D:13)
  8 hydras
  2 rakshasas (D:15)
  2 satyrs
  An ice dragon (Lair:6)
  An anaconda (Lair:6)
  A catoblepas (Shoals:4)
  A merfolk aquamancer (Shoals:4)
  7 centaur warriors
  2 alligator snapping turtles
  A queen ant (Spider:1)
  8 two-headed ogres
  An ogre mage (Orc:2)
  3 death yaks
  2 orc high priests (Orc:2)
  Urug (Lair:5)
  12 sea snakes
  An unseen horror (shapeshifter) (D:15)
  An unseen horror (D:11)
  A glowing orange brain (D:15)
  6 harpies (Shoals:1)
  11 orb spiders
  A necromancer (IceCv)
  3 orc knights
  9 orc sorcerers
  15 ugly things
  25 wolf spiders
  3 cyclopes
  An orb spider (shapeshifter) (D:15)
  6 fauns
  4 elephants (Lair:6)
  3 deep elf magi
  15 slime creatures
  7 manticores
  3 merfolk sirens
  Joseph (D:7)
  2 guardian serpents
  4 water nymphs
  4 black mambas
  A torpor snail (Spider:3)
  2 gargoyles
  An ice statue (IceCv)
  A rime drake (Lair:6)
  14 spiny frogs
  A yaktaur (shapeshifter) (D:15)
  10 freezing wraiths (IceCv)
  11 demonic crawlers
  10 komodo dragons
  2 ice devils (Orc:2)
  A tengu conjurer (D:11)
  18 blink frogs
  A meliai (shapeshifter) (D:15)
  7 trolls
  24 jumping spiders
  20 merfolk
  2 hornets
  A hornet (shapeshifter) (D:15)
  A wolf spider simulacrum (D:14)
  2 wind drakes (Shoals:2)
  6 snapping turtles
  A hippogriff (shapeshifter) (D:15)
  9 hippogriffs
  A shadow (D:11)
  74 redbacks
  A wraith (D:15)
  31 tarantellas
  Sigmund (D:6)
  A vampire (D:13)
  6 water elementals
  3 wyverns
  A basilisk (Lair:4)
  A golden eye (Spider:1)
  26 yaks
  4 vampire mosquitoes
  Menkaure (D:6)
  A death yak simulacrum (IceCv)
  8 wargs (Orc:2)
  20 soldier ants (Spider:1)
  3 water moccasins
  A swamp drake (D:11)
  3 porcupines
  20 orc warriors
  4 sky beasts
  5 black bears
  8 ice beasts
  2 phantoms
  An alligator simulacrum (IceCv)
  An eye of draining (D:13)
  13 wolves
  14 ogres
  16 centaurs
  13 crocodiles
  3 big kobolds
  Blork the orc (D:6)
  An elf zombie (Ossuary)
  A wyvern zombie (D:10)
  17 bullfrogs
  A water moccasin zombie (D:6)
  A wyvern skeleton (D:11)
  3 scorpions
  16 killer bees
  5 howler monkeys
  14 wights
  2 electric eels
  12 crimson imps
  A bullfrog zombie (D:13)
  4 centaur zombies
  6 draconian simulacra (IceCv)
  A human zombie (Ossuary)
  7 centaur skeletons
  17 orc priests
  5 hounds
  6 jellies
  40 orc wizards
  A bullfrog skeleton (D:12)
  3 iguanas
  22 worker ants
  A polar bear simulacrum (IceCv)
  2 spriggan simulacra (IceCv)
  6 troll simulacra (IceCv)
  A wolf simulacrum (IceCv)
  4 big kobold zombies (Ossuary)
  A centaur simulacrum (IceCv)
  3 hound zombies
  2 hound skeletons (D:10)
  3 mummies (Ossuary)
  Robin (D:3)
  8 adders
  3 naga simulacra (IceCv)
  2 ogre simulacra (IceCv)
  3 shadow imps
  15 white imps
  2 oozes
  4 adder zombies (Ossuary)
  2 worms
  3 dart slugs
  5 leopard geckos
  129 orcs
  3 ball pythons
  5 giant cockroaches
  8 hobgoblins
  5 jackals
  5 quokkas
  14 bats
  5 frilled lizards
  12 goblins
  5 goblin zombies (Ossuary)
  A hobgoblin zombie (Ossuary)
  5 jackal zombies (Ossuary)
  11 kobolds
  3 kobold zombies (Ossuary)
  5 quokka zombies (Ossuary)
  14 rats
  3 rat zombies (Ossuary)
  2 fungi
  4 plants
1145 creatures vanquished.

Vanquished Creatures (collateral kills)
  An emperor scorpion (Spider:1)
  A dire elephant (Lair:6)
  A hydra (D:12)
  An orb spider (Spider:1)
  A demonic crawler (Spider:1)
  A jumping spider (Spider:4)
  A redback (Spider:1)
  3 tarantellas (Spider:1)
  An orc (D:12)
11 creatures vanquished.

Vanquished Creatures (others)
  A wolf spider (Spider:4)
  A human (D:5)
  An orc (Orc:1)
  11 fungi
  13 plants
27 creatures vanquished.

Grand Total: 1183 creatures vanquished

Notes
Turn   | Place    | Note
-------+----------+-------------------------------------------
     0 | D:1      | Mandevil the Naga Monk began the quest for the Orb.
     0 | D:1      | Reached XP level 1. HP: 21/21 MP: 1/1
   429 | D:1      | Reached XP level 2. HP: 28/28 MP: 2/2
   653 | D:1      | Reached XP level 3. HP: 34/34 MP: 3/3
  1078 | D:2      | Reached skill level 4 in Polearms
  1199 | D:2      | Reached XP level 4. HP: 40/42 MP: 4/4
  1201 | D:2      | Reached skill level 5 in Stealth
  2094 | D:2      | Reached XP level 5. HP: 28/49 MP: 5/5
  2436 | D:3      | Noticed Robin
  2454 | D:3      | Killed Robin
  2879 | D:3      | Reached skill level 5 in Polearms
  3327 | D:3      | Gained mutation: You are clumsy. (Dex -2) [potion of mutation]
  3327 | D:3      | Gained mutation: Your muscles are strong. (Str +2) [potion of mutation]
  3327 | D:3      | Gained mutation: You evolve. [potion of mutation]
  3361 | D:3      | Reached XP level 6. HP: 58/58 MP: 6/6
  3568 | D:4      | Gained mutation: Your spells are a little harder to cast, but a little more powerful. [evolution]
  3830 | D:4      | Noticed a phantom
  3869 | D:4      | Killed a phantom
  3869 | D:4      | Reached skill level 1 in Evocations
  3869 | D:4      | Reached XP level 7. HP: 65/66 MP: 6/8
  3928 | D:4      | Reached skill level 6 in Polearms
  4110 | D:4      | Found a staircase to the Ecumenical Temple.
  4130 | Temple   | Entered the Ecumenical Temple
  4199 | Temple   | Became a worshipper of Cheibriados the Contemplative
  4199 | Temple   | Reached * piety under Cheibriados
  4199 | Temple   | Reached ** piety under Cheibriados
  4360 | D:4      | Found a hide-covered altar of Uskayaw.
  4418 | D:5      | Entered Level 5 of the Dungeon
  4674 | D:5      | Found a sand-covered staircase.
  4680 | Ossuary  | Entered an ossuary
  4701 | Ossuary  | Gained mutation: You possess an exceptional clarity of mind. [evolution]
  4779 | Ossuary  | Reached skill level 1 in Invocations
  5004 | Ossuary  | Reached *** piety under Cheibriados
  5215 | Ossuary  | Reached XP level 8. HP: 62/73 MP: 8/10
  5496 | D:5      | Found Cyjus's Food Emporium.
  5875 | D:5      | Found an ancient bone altar of Kikubaaqudgha.
  6025 | D:6      | Lost mutation: You are clumsy. (Dex -2) [evolution]
  6094 | D:6      | Reached skill level 7 in Polearms
  6205 | D:6      | Noticed Menkaure
  6211 | D:6      | Killed Menkaure
  6223 | D:6      | Noticed Sigmund
  6223 | D:6      | Noticed Blork the orc
  6344 | D:6      | Killed Blork the orc
  6344 | D:6      | Reached **** piety under Cheibriados
  6547 | D:6      | Reached skill level 5 in Evocations
  6649 | D:6      | Gained mutation: Your spells are harder to cast, but more powerful. [evolution]
  6834 | D:6      | Killed Sigmund
  6834 | D:6      | Reached skill level 5 in Invocations
  6834 | D:6      | Reached XP level 9. HP: 79/79 MP: 10/12
  7326 | D:7      | Noticed Joseph
  7344 | D:7      | Killed Joseph
  7344 | D:7      | Reached skill level 8 in Polearms
  7653 | D:7      | Found a blossoming altar of Fedhas.
  7767 | D:7      | Gained mutation: You can translocate small distances at will. [evolution]
  7828 | D:8      | Found a glowing silver altar of Zin.
  7830 | D:8      | Noticed an angel
  7834 | D:8      | Found a shimmering altar of Xom.
  7924 | D:8      | Noticed a two-headed ogre
  8433 | D:8      | Killed a two-headed ogre
  8433 | D:8      | Reached skill level 9 in Polearms
  8433 | D:8      | Reached XP level 10. HP: 36/87 MP: 14/15
  9274 | D:9      | Reached ***** piety under Cheibriados
  9760 | D:10     | Entered Level 10 of the Dungeon
  9876 | D:10     | Reached skill level 10 in Polearms
  9982 | D:10     | Found Omostruy's General Store.
  9987 | D:10     | Bought a scroll of brand weapon for 260 gold pieces
  9987 | D:10     | Bought a scroll of teleportation for 39 gold pieces
 10033 | D:10     | Noticed a two-headed ogre
 10038 | D:10     | Killed a two-headed ogre
 10210 | D:10     | Noticed a gargoyle
 10221 | D:10     | Killed a gargoyle
 10221 | D:10     | Reached XP level 11. HP: 37/93 MP: 11/17
 10868 | D:11     | Noticed an unseen horror
 10984 | D:11     | Noticed a two-headed ogre
 10990 | D:11     | Killed a two-headed ogre
 11178 | D:11     | Noticed a two-headed ogre
 11192 | D:11     | Killed a two-headed ogre
 11192 | D:11     | Reached skill level 11 in Polearms
 11458 | D:11     | Reached skill level 10 in Invocations
 11550 | D:11     | Noticed a cyclops
 11555 | D:11     | Killed a cyclops
 11564 | D:11     | Killed an unseen horror
 11695 | D:11     | Reached ****** piety under Cheibriados
 12091 | D:11     | Reached skill level 10 in Evocations
 12179 | D:11     | Found a staircase to the Lair.
 12401 | Lair:1   | Entered Level 1 of the Lair of Beasts
 12408 | Lair:1   | Noticed a four-headed hydra
 12421 | Lair:1   | Killed a four-headed hydra
 12421 | Lair:1   | Reached XP level 12. HP: 56/100 MP: 17/20
 12884 | Lair:1   | Noticed a five-headed hydra
 12891 | Lair:1   | Killed a five-headed hydra
 12891 | Lair:1   | Reached skill level 12 in Polearms
 13575 | Lair:2   | Noticed Gagarin's ghost (journeyman GrEE)
 13613 | Lair:2   | Killed Gagarin's ghost
 13720 | Lair:2   | Noticed a four-headed hydra
 13742 | Lair:2   | Killed a four-headed hydra
 13859 | Lair:2   | Found a hole to the Spider Nest.
 14237 | Lair:2   | Found a staircase to the Shoals.
 14451 | Lair:3   | Noticed Fannar
 14556 | Lair:3   | Noticed Rupert
 14556 | Lair:3   | Paralysed by Rupert for 3 turns
 15037 | Lair:3   | Killed Fannar
 15390 | Lair:3   | Gained mutation: You can use your snake-like lower body to constrict enemies. [Naga growth]
 15390 | Lair:3   | Reached XP level 13. HP: 56/108 MP: 16/22
 16021 | Lair:4   | Reached skill level 13 in Polearms
 16659 | Lair:4   | Gained mutation: Your tail ends in a poisonous barb. [evolution]
 16762 | Lair:4   | Killed Rupert
 17388 | Lair:5   | Identified the +2 scale mail "Didyjod" {Str+4} (You found it on level 5 of the Lair of Beasts)
 17940 | Lair:5   | Noticed Urug
 17955 | Lair:5   | Killed Urug
 17955 | Lair:5   | Reached skill level 14 in Polearms
 18317 | Lair:6   | Entered Level 6 of the Lair of Beasts
 18809 | Lair:6   | Noticed Nessos
 18810 | Lair:6   | Noticed Nessos
 18810 | Lair:6   | Nessos changed into Nessos the ice dragon
 18822 | Lair:6   | Killed Nessos the ice dragon
 18883 | Lair:6   | Reached XP level 14. HP: 101/115 MP: 24/24
 19248 | Lair:6   | Found a staircase to the Slime Pits.
 19265 | Lair:6   | Lost mutation: You evolve. [evolution]
 19794 | Lair:6   | Noticed a dire elephant
 19794 | Lair:6   | Noticed a dire elephant
 19801 | Lair:6   | Killed a dire elephant
 19805 | Lair:6   | Killed a dire elephant
 19805 | Lair:6   | Reached skill level 5 in Fighting
 19853 | Lair:6   | Noticed a dire elephant
 19876 | Lair:6   | HP: 3/117 [dire elephant (14)]
 19879 | Lair:6   | Killed a dire elephant
 19879 | Lair:6   | Reached skill level 1 in Armour
 21678 | D:12     | Found a roughly hewn altar of Beogh.
 21678 | D:12     | Found a staircase to the Orcish Mines.
 22136 | Orc:1    | Entered Level 1 of the Orcish Mines
 22275 | Orc:1    | Found Ycwaar's Gadget Boutique.
 22685 | Orc:2    | Entered Level 2 of the Orcish Mines
 22845 | Orc:2    | Found a frozen archway.
 22874 | IceCv    | Entered an ice cave
 23047 | IceCv    | Noticed snldv's ghost (journeyman HuWn)
 23088 | IceCv    | Killed snldv's ghost
 23530 | IceCv    | Found an ancient bone altar of Kikubaaqudgha.
 24236 | Orc:2    | Found Letezef's Gadget Shop.
 24494 | Orc:2    | Found Jijeoz's Antique Armour Emporium.
 24508 | Orc:2    | Found Daetuir's Assorted Antiques.
 24529 | Orc:2    | Bought a box of beasts for 260 gold pieces
 24765 | Orc:2    | Reached XP level 15. HP: 130/134 MP: 23/25
 24911 | Orc:2    | Found a staircase to the Elven Halls.
 24989 | Orc:2    | Reached skill level 15 in Polearms
 24993 | Orc:2    | Found Bumpa's Antique Armour Boutique.
 24993 | Orc:2    | Found Rilemead's Distillery.
 25046 | Orc:2    | Found a roughly hewn altar of Beogh.
 25075 | Orc:2    | Found Nioploho's Food Boutique.
 25106 | Orc:2    | Found Feut Gimmatt's Magic Scroll Shoppe.
 25182 | Orc:2    | Bought a smoking chain mail for 342 gold pieces
 25196 | Orc:2    | Identified the +4 chain mail of Eternal Night {Int+4} (You bought it in a shop on level 2 of the Orcish Mines)
 25229 | Orc:2    | Bought a faintly glowing scale mail for 324 gold pieces
 25239 | Orc:2    | Identified the +3 scale mail "Zeqex" {rElec rF- rN+ Regen+} (You bought it in a shop on level 2 of the Orcish Mines)
 25255 | Orc:2    | Bought a lightning rod (4/4) for 520 gold pieces
 25255 | Orc:2    | Bought a sack of spiders for 260 gold pieces
 26420 | D:13     | Found a gate to the Vaults.
 26569 | D:13     | Noticed Frances
 26579 | D:13     | Killed Frances
 27030 | D:14     | Reached skill level 10 in Fighting
 27484 | D:14     | Reached skill level 5 in Dodging
 27891 | D:14     | Found Heruff's Magic Scroll Shop.
 27899 | D:14     | Bought a scroll of enchant weapon for 90 gold pieces
 27909 | D:15     | Entered Level 15 of the Dungeon
 27912 | D:15     | Reached skill level 15 in Evocations
 28002 | D:15     | Reached XP level 16. HP: 142/148 MP: 25/27
 28774 | D:15     | Found a staircase to the Depths.
 29116 | Spider:1 | Entered Level 1 of the Spider Nest
 29702 | Spider:1 | Reached skill level 16 in Polearms
 30595 | Spider:1 | Reached skill level 1 in Throwing
 31267 | Spider:2 | Reached XP level 17. HP: 159/159 MP: 28/28
 31427 | Spider:2 | Reached skill level 5 in Throwing
 32752 | Spider:4 | Entered Level 4 of the Spider Nest
 34377 | Spider:4 | Got a gossamer rune of Zot
 34603 | Shoals:1 | Entered Level 1 of the Shoals
 34850 | Shoals:1 | Identified the +7 chain mail of Amelioration {rPois} (You found it on level 1 of the Shoals)
 35220 | Shoals:1 | Reached XP level 18. HP: 172/172 MP: 29/29
 35222 | Shoals:1 | Reached skill level 10 in Throwing
 37244 | Shoals:4 | Entered Level 4 of the Shoals
 37559 | Shoals:4 | Noticed Polyphemus
 37585 | Shoals:4 | Noticed Ilsuiw
 37586 | Shoals:4 | HP: 5/176 [Polyphemus (24)]
 37586 | Shoals:4 | HP: 2/176 [Polyphemus (3)]
 37587 | Shoals:4 | Mangled by a merfolk

Vault maps used:
D:1:      onia_arrival_pyramid, minmay_hexomino_f4
D:3:      roderic_lattice_a, uniq_robin
D:4:      kennysheep_mini_moat, minmay_temple_entry_nine_rooms, first_bread
D:5:      nicolae_overflow_hidden_temple, serial_shops,
          nicolae_shop_behind_doors, lightli_ossuary_entry_decrepit_ruins,
          tgw_kikubaaqudgha
D:6:      uniq_menkaure, uniq_sigmund, uniq_blork_the_orc
D:7:      fedhas_altar_3, uniq_joseph
D:8:      grunt_temple_overflow_order_and_chaos_1
D:9:      special_room
D:10:     serial_shops, shop
D:11:     erik_lair_dragon, grunt_tengu_nest, minmay_nine_imps
D:12:     david_orc_5, lemuel_old_faithful
D:13:     lightli_vaults_fourway_checkpoint, grunt_decor_resistance,
          kennysheep_generic_room_15, uniq_frances
D:14:     hangedman_abyss_or_decor_lesser_grid, serial_shops,
          nicolae_shop_trees, nrook_guardian_serpent_double
D:15:     gammafunk_enter_depths_forms
Temple:   minmay_crystal_spiral_temple
Lair:1:   lemuel_fruit_fields
Lair:2:   shoals_dummy_entry, spider_nest_entry_rubble, serial_bayou_shore_a,
          infiniplex_staircase_pool
Lair:3:   nicolae_quartered_pool_little, uniq_rupert, uniq_fannar
Lair:4:   beast_lair_carwin_7, grunt_megastairs_5, infiniplex_staircase_pool_2
Lair:5:   lemuel_fruit_tree, uniq_urug
Lair:6:   due_jungle_book, dpeg_slime_entry_corner, minivault_24, uniq_nessos
Shoals:4: shoals_end_simple, shoals_ilsuiw_ice, uniq_polyphemus
Spider:1: spider_trap, zaba_antful_of_joy
Spider:2: hangedman_spider_tarantella_strand
Spider:4: grunt_spider_rune_circles
Orc:1:    serial_shops, shop
Orc:2:    st_orc_town, portal_ice_cave_demonic_guard, guppyfry_orc_lava_fort
Ossuary:  minmay_ossuary_two_tombs
IceCv:    ice_cave_small_necro

Skill      XL: |  1  2  3  4  5  6  7  8  9 10 11 12 13 14 15 16 17 18 |
---------------+-------------------------------------------------------+-----
Stealth        | 4 5 |  5.0
Polearms       | 4 5 6 7 9 10 11 12 14 15 16 | 16.1
Fighting       | 4 8 10 12 13 14 | 14.4
Evocations     | 1 3 5 7 8 10 11 13 14 15 | 15.6
Invocations    | 2 5 7 9 11 12 | 12.7
Armour         | 3 |  3.7
Dodging        | 3 5 6 |  6.6
Throwing       | 4 9 11 | 11.2

Action                   |  1- 3 |  4- 6 |  7- 9 | 10-12 | 13-15 | 16-18 || total
-------------------------+-------+-------+-------+-------+-------+-------++-------
Melee: Spear             |   107 |   299 |   435 |       |       |       ||   841
       Quarterstaff      |       |       |    47 |   723 |   618 |       ||  1388
       Trident           |       |       |       |    31 |     6 |    24 ||    61
       Constrict         |       |       |       |       |   220 |   148 ||   368
       Tailslap          |       |       |       |       |   283 |   222 ||   505
       Halberd           |       |       |       |       |   515 |   950 ||  1465
 Fire: Blowgun           |       |       |       |     5 |     4 |       ||     9
Throw: Stone             |       |       |    40 |   114 |   227 |   313 ||   694
       Tomahawk          |       |       |     3 |     1 |       |    81 ||    85
       Javelin           |       |       |       |     7 |       |     5 ||    12
Invok: Slouch            |       |       |     1 |     2 |     1 |     6 ||    10
       Bend Time         |       |       |       |     2 |     7 |     2 ||    11
       Temporal Distorti |       |       |       |       |     1 |       ||     1
       Step From Time    |       |       |       |       |       |     1 ||     1
 Abil: Spit Poison       |     5 |    14 |    16 |    15 |     5 |       ||    55
       Blink             |       |       |     1 |     1 |     3 |     3 ||     8
Evoke: Wand              |       |       |    15 |    17 |    26 |    13 ||    71
       Box of beasts     |       |       |       |       |     4 |       ||     4
       Lightning rod     |       |       |       |       |     2 |       ||     2
       Sack of spiders   |       |       |       |       |       |     1 ||     1
  Use: Scroll            |     2 |     9 |    11 |    12 |     9 |     6 ||    49
       Potion            |       |     1 |     4 |     1 |     3 |     3 ||    12
 Stab: Sleeping          |    12 |    12 |     2 |     5 |     9 |     8 ||    48
       Distracted        |     1 |       |       |       |     1 |     4 ||     6
       Paralysed         |       |       |    21 |     1 |       |       ||    22
  Eat: Chunk             |     1 |     8 |     6 |    16 |    23 |    18 ||    72
       Fruit             |       |       |     4 |     1 |     8 |     4 ||    17
       Royal jelly       |       |       |     1 |       |       |       ||     1
Armor: Robe              |    19 |    64 |       |       |       |       ||    83
       Scale mail        |       |    40 |   175 |   479 |   622 |   372 ||  1688
       Skin              |       |       |       |    10 |       |       ||    10
Dodge: Dodged            |    37 |   106 |   136 |   450 |   505 |   628 ||  1862
Block: Buckler           |       |       |    13 |       |       |       ||    13

Table legend:
 A = Spawn XP
 B = Non-spawn XP
 C = Spawn XP percentage of total XP
 D = Spawn monster count
 E = Non-spawn monster count
 F = Spawn count percentage of total count
 G = Total turns spent on level
                    A         B        C        D         E        F      G
               +---------+---------+-------+---------+---------+-------+---------
         Total |       0 |  276979 |   0.0 |       0 |    1150 |   0.0 | 37587
               +---------+---------+-------+---------+---------+-------+---------
           D:1 |       0 |      59 |   0.0 |       0 |      35 |   0.0 |  1071
           D:2 |       0 |     145 |   0.0 |       0 |      27 |   0.0 |  1324
           D:3 |       0 |     152 |   0.0 |       0 |      29 |   0.0 |   968
           D:4 |       0 |     367 |   0.0 |       0 |      15 |   0.0 |   920
           D:5 |       0 |     234 |   0.0 |       0 |      11 |   0.0 |   953
           D:6 |       0 |    1069 |   0.0 |       0 |      13 |   0.0 |   971
           D:7 |       0 |     504 |   0.0 |       0 |       3 |   0.0 |   807
           D:8 |       0 |    1875 |   0.0 |       0 |      17 |   0.0 |   842
           D:9 |       0 |    2124 |   0.0 |       0 |      56 |   0.0 |  1133
          D:10 |       0 |    2733 |   0.0 |       0 |      17 |   0.0 |  1141
          D:11 |       0 |    7867 |   0.0 |       0 |      62 |   0.0 |  1803
          D:12 |       0 |    5865 |   0.0 |       0 |      43 |   0.0 |  1281
          D:13 |       0 |   18525 |   0.0 |       0 |      49 |   0.0 |  1406
          D:14 |       0 |   17652 |   0.0 |       0 |      55 |   0.0 |  1013
          D:15 |       0 |   12469 |   0.0 |       0 |      39 |   0.0 |   954
        Lair:1 |       0 |    4858 |   0.0 |       0 |      14 |   0.0 |  1023
        Lair:2 |       0 |    5315 |   0.0 |       0 |      17 |   0.0 |  1622
        Lair:3 |       0 |    5082 |   0.0 |       0 |      26 |   0.0 |  1221
        Lair:4 |       0 |   11068 |   0.0 |       0 |      33 |   0.0 |  1432
        Lair:5 |       0 |    6336 |   0.0 |       0 |      19 |   0.0 |  1322
        Lair:6 |       0 |   11426 |   0.0 |       0 |      22 |   0.0 |  2106
      Shoals:1 |       0 |   18378 |   0.0 |       0 |      34 |   0.0 |   971
      Shoals:2 |       0 |    8367 |   0.0 |       0 |      18 |   0.0 |   722
      Shoals:3 |       0 |    8774 |   0.0 |       0 |      16 |   0.0 |   948
      Shoals:4 |       0 |    7885 |   0.0 |       0 |      17 |   0.0 |   343
      Spider:1 |       0 |   30614 |   0.0 |       0 |     107 |   0.0 |  1358
      Spider:2 |       0 |   18766 |   0.0 |       0 |      51 |   0.0 |  1429
      Spider:3 |       0 |    9393 |   0.0 |       0 |      32 |   0.0 |   553
      Spider:4 |       0 |   33997 |   0.0 |       0 |      52 |   0.0 |  1757
         Orc:1 |       0 |    2509 |   0.0 |       0 |      19 |   0.0 |   566
         Orc:2 |       0 |   14375 |   0.0 |       0 |     109 |   0.0 |  1589
       Ossuary |       0 |     432 |   0.0 |       0 |      38 |   0.0 |   636
         IceCv |       0 |    7764 |   0.0 |       0 |      55 |   0.0 |  1267
               +---------+---------+-------+---------+---------+-------+---------
